 Dungeon Crawl Stone Soup version 0.16-a0-3122-gccf308e (webtiles) character file.

33 myeffort the Ogre Mage (level 3, -4/31 HPs)
             Began as an Ogre Wizard on Dec 13, 2014.
             Killed from afar by Ijyb (9 damage)
             ... with a wand of flame
             ... on level 3 of the Dungeon.
             The game lasted 00:05:19 (1819 turns).

myeffort the Ogre Mage (Ogre Wizard)                Turns: 1819, Time: 00:05:19

Health: -4/31      AC:  4    Str: 13    XL:     3   Next: 29%
Magic:  5/9        EV:  9    Int: 17    God:
Gold:   134        SH:  0    Dex:  8    Spells: 4 memorised, 4 levels left

rFire  . . .     SeeInvis .     w - +0 mace
rCold  . . .     Clarity  .     a - +0 robe
rNeg   . . .     SustAb   .     (shield restricted)
rPois  .         Gourm    .     b - +0 hat
rElec  .         Spirit   .     j - +0 cloak
rCorr  .         Warding  .     (gloves unavailable)
rMut   .         Stasis   .     (boots unavailable)
MR     .....                    (no amulet)
Stlth  +.........               (no ring)
                                (no ring)

@: very slightly contaminated, not resistant to hostile enchantments, very
unstealthy
A: unfitting armour, tough skin 1
a: no special abilities


You were on level 3 of the Dungeon.
You were not hungry.

You visited 1 branch of the dungeon, and saw 3 of its levels.

You collected 134 gold pieces.

Inventory:

Hand weapons
 f - a +0 dagger
 g - a +0 dagger
 i - a +0 club
 r - a +0 dagger
 v - a +0 short sword
 w - a +0 mace (weapon)
 x - a +0 dagger
 y - a +0 dagger
 z - a +0 short sword
 C - a +0 club
Missiles
 l - 138 stones (quivered)
 m - 25 bolts
 q - 25 arrows
 D - 6 bolts of frost
Armour
 a - a +0 robe (worn)
 b - a +0 hat (worn)
 j - a +0 cloak (worn)
Scrolls
 n - a scroll of teleportation {unknown}
 p - a scroll of fear {unknown}
 u - a scroll of blinking {unknown}
 E - a scroll of remove curse {unknown}
Potions
 e - 2 potions of degeneration {unknown}
 k - 2 potions of agility {unknown}
 o - a potion of lignification {unknown}
 s - a potion of brilliance {unknown}
 t - a potion of curing {unknown}
 B - a potion of restore abilities {unknown}
Books
 c - a book of Minor Magic

   Spells                             Type                      Level
   a - Magic Dart                     Conjuration                  1
   b - Blink                          Translocation                2
   c - Call Imp                       Summoning                    2
   d - Repel Missiles                 Charms/Air                   2
   e - Slow                           Hexes                        2
   f - Conjure Flame                  Conjuration/Fire             3
   g - Mephitic Cloud                 Conjuration/Poison/Air       3
Comestibles
 d - 2 meat rations
 h - a beef jerky
 A - 4 chunks of flesh


   Skills:
 + Level 1.6 Maces & Flails
 - Level 1.7 Dodging
 - Level 1.5 Stealth
 + Level 4.6 Spellcasting
 - Level 0.6 Conjurations
 - Level 0.6 Summonings
 - Level 0.6 Translocations


You had 4 spell levels left.
You knew the following spells:

 Your Spells              Type           Power        Failure   Level  Hunger
a - Magic Dart            Conj           #...         14%         1    None
b - Call Imp              Summ           #.......     21%         2    ##.....
c - Blink                 Tloc           N/A          21%         2    ##.....
d - Repel Missiles        Chrm/Air       #.....       24%         2    ##.....


Dungeon Overview and Level Annotations

Branches:
Dungeon (3/15)

Altars:

Annotations:
D:2 1 exclusion
D:3 Ijyb


Innate Abilities, Weirdness & Mutations

You are too large for most types of armour.
You have tough skin (AC +1).


Message History

You see here a robe.
E - a scroll labeled LUODUY TROY Ijyb the Twisted Goblin comes into view.
Ijyb shouts!
Ijyb zaps a wand.
The puff of flame misses you.
It is a wand of flame.
Ijyb zaps a wand.
The puff of flame hits you!
Ijyb zaps a wand.
The puff of flame hits you!
Casting: Magic Dart
Confirm with . or Enter, or press ? or * to list all spells.
You miscast Call Imp.
You are very lightly contaminated with residual magic.
Nothing appears to happen.
Ijyb zaps a wand.
The puff of flame hits you!
A quokka comes into view.
Ijyb zaps a wand.
The puff of flame hits you!
* * * LOW HITPOINT WARNING * * *
Casting: Call Imp
Confirm with . or Enter, or press ? or * to list all spells.
A beastly little devil appears in a puff of flame.
Ijyb zaps a wand.
The puff of flame hits you!
You die...

#.#########......
#.# ####### #.#
### #.# ######
#.. #.# #.....
#.# ##.#
#.....##.# #..#
#........# #.##
#.....#[.# #@#
#.....#..#
###.###
#######...
#.5...# #.##
#....g# #%#
#......# #.#
#.....#.# #.#
#........# ....
######.##r ####
.# #


You could see Ijyb and a friendly crimson imp.

Vanquished Creatures
  An orc (D:3)
  A ball python (D:1)
  2 giant cockroaches
  A goblin (D:1)
  A hobgoblin (D:2)
  4 bats (D:1)
  A giant newt (D:2)
  3 kobolds
  3 quokkas (D:2)
  5 rats
22 creatures vanquished.

Vanquished Creatures (collateral kills)
  An adder (D:2)
  A worm (D:2)
  A goblin (D:2)
  A hobgoblin (D:2)
  A quokka (D:2)
  A rat (D:2)
6 creatures vanquished.

Grand Total: 28 creatures vanquished

Notes
Turn   | Place    | Note
--------------------------------------------------------------
     0 | D:1      | myeffort, the Ogre Wizard, began the quest for the Orb.
     0 | D:1      | Reached XP level 1. HP: 16/16 MP: 4/4
   278 | D:1      | Reached skill level 4 in Spellcasting
   408 | D:1      | Reached XP level 2. HP: 24/24 MP: 4/7
   841 | D:2      | Learned a level 2 spell: Call Imp
   844 | D:2      | Learned a level 2 spell: Blink
   847 | D:2      | Learned a level 2 spell: Repel Missiles
  1154 | D:2      | Reached skill level 1 in Maces & Flails
  1154 | D:2      | Reached XP level 3. HP: 14/31 MP: 0/9
  1813 | D:3      | Noticed Ijyb
  1819 | D:3      | Killed from afar by Ijyb

Action                   || total
-------------------------++-------
Melee: Unarmed           ||     9
       Dagger            ||    34
       Mace              ||    40
 Cast: Magic Dart        ||    40
       Call Imp          ||     9
 Stab: Sleeping          ||     1
  Eat: Chunk             ||     3
